 Dungeon Crawl Stone Soup version 0.30-a0-802-gb92711bcdf (console) character file.

Game seed: 8693471371718435255

16 petzl the Sneak (level 2, -5/24 HPs)
             Began as a Formicid Delver on Feb 23, 2023.
             Slain by an ogre
             ... wielding a +0 giant spiked club
              (29 damage)
             ... on level 4 of the Dungeon.
             The game lasted 00:02:41 (493 turns).

petzl the Sneak (Formicid Delver)                    Turns: 493, Time: 00:02:42

Health: -5/24      AC:  3    Str: 16    XL:     2   Next: 75%
Magic:  3/3        EV: 12    Int:  9    God:
Gold:   18         SH:  0    Dex: 15    Spells: 3/3 levels left

rFire   . . .      SeeInvis +    a - +0 mace
rCold   . . .      Faith    .    (no shield)
rNeg    . . .      Spirit   .    b - +0 leather armour
rPois   .          Reflect  .    (helmet unavailable)
rElec   .          Harm     .    (no cloak)
rCorr   .          Rampage  .    (no gloves)
Will    .....                    (no boots)
Stlth   +++                      (no amulet)
HPRegen 0.24/turn                (no ring)
MPRegen 0.08/turn                (no ring)

@: no status effects
A: permanent stasis, dig shafts and tunnels, antennae 3, four strong arms
a: Dig, Shaft Self


You were on level 4 of the Dungeon.
You visited 1 branch of the dungeon, and saw 5 of its levels.

You collected 18 gold pieces.

Inventory:

Hand Weapons
 a - a +0 mace (weapon)
Missiles
 h - 3 stones
Armour
 b - a +0 leather armour (worn)
Jewellery
 l - a +6 ring of intelligence
Wands
 f - a wand of digging (3)
 m - a wand of charming (14)
Scrolls
 c - 2 scrolls of fog
 d - a scroll of magic mapping
 e - a scroll of fear
 g - a scroll of identify {unknown}
 j - a scroll of enchant armour {unknown}
 n - 2 scrolls of noise {unknown}
 o - a scroll of enchant weapon {unknown}
 q - a scroll of vulnerability {unknown}
Potions
 i - 2 potions of curing {unknown}
 k - a potion of heal wounds {unknown}
 p - a potion of attraction {unknown}


   Skills:
 - Level 3.4 Fighting
 - Level 2.2 Maces & Flails
 - Level 2.0 Dodging
 - Level 6.1 Stealth
 + Level 1.1 Spellcasting


You had 3 spell levels left.
You didn't know any spells.
Your spell library contained the following spells:

 Spells                   Type           Power      Damage    Failure   Level
 Portal Projectile        Hex/Tloc       0%         N/A       80%         3
 Tukima's Dance           Hex            0%         N/A       80%         3
 Blade Hands              Tmut           0%         N/A       100%        5


Dungeon Overview and Level Annotations

Branches:
Dungeon (6/15)
 Temple: D:4-7

Altars:
Ru

Shops:
D:3 =

Annotations:
D:2 exclusion: downstairs
D:4 exclusion: downstairs, Sigmund
D:5 exclusion: downstairs


Innate Abilities, Weirdness & Mutations

You cannot be hasted, slowed, berserked, paralysed or teleported.
You can dig through walls and to a lower floor.
You have a pair of large antennae on your head. (SInv)
Your four strong arms can wield two-handed weapons with a shield.


Message History

Unknown command.
Unknown command.
Unknown command.
A bat comes into view.
n - 2 scrolls labelled AFADEO QASADA (gained 1)
You see here a white potion.
i - 2 white potions (gained 1)
The bat hits you but does no damage.
You hit the bat.
You kill the bat!
Your Dodging skill increases to level 2!
Unknown command.
Unknown command.
Found 8 stones.
There is a stone staircase leading down here.
You climb downwards.
The adder hisses angrily.
Found a stone staircase leading down.
There is a stone staircase leading up here.
You hit the adder.
The adder is moderately wounded.
The adder bites you but does no damage. x2
You sock the adder!
You kill the adder!
Your Spellcasting skill increases to level 1!
You start resting.
Magic restored.
There is a stone staircase leading down here.
You climb downwards.
Level annotation: exclusion: downstairs, Sigmund
There is a stone staircase leading up here.
An ogre comes into view. It is wielding a +0 giant spiked club.
Found 8 gold pieces.
The ogre shouts!
A kobold comes into view. It is wielding a +0 whip.
The kobold moves out of view.
The ogre attacks as you move away!
The ogre hits you with a +0 giant spiked club!!
Ouch! That really hurt!
You die...

# # # # # . # #+ .#
PP # .###.#.. #
......♣.♣
#####...P..♣
......P...♣ ......♣
..♣. ###P.P♣♣...P
####.♣♣....#
...#..P...########
...#...#.........#
..<'...#.$.......#
...###.#.........####
............##..O@.<#
#####..##.# #.#.####
## # {..#.# ♣.♣##.#
... ♣.# ..♣ ..# .♣
.♣# .


You could see an ogre.

Vanquished Creatures
  An adder (D:3)
  An ufetubus (D:5)
  A bat (D:2)
  A kobold (D:4)
4 creatures vanquished.

Notes
Turn   | Place    | Note
-------+----------+-------------------------------------------
     0 | D:5      | petzl the Formicid Delver began the quest for the Orb.
     0 | D:5      | Reached XP level 1. HP: 18/18 MP: 1/1
    81 | D:6      | Noticed an orc wizard
   166 | D:5      | Noticed an ogre
   316 | D:4      | Noticed Sigmund
   378 | D:4      | Reached XP level 2. HP: 22/24 MP: 2/2
   401 | D:3      | Found a sacrificial altar of Ru.
   436 | D:3      | Found Guewod's Jewellery Emporium.
   466 | D:3      | Reached skill level 1 in Spellcasting
   489 | D:4      | Noticed an ogre
   493 | D:4      | Slain by an ogre

Illustrated notes

Levels and vault maps discovered:
D:2:      minmay_alternating_diamond, layout_rooms, uniq_natasha
D:3:      layout_rooms, mainiacjoe_overflow_alcove_1, serial_shops, shop,
          feat_on_display
D:4:      layout_basic, mainiacjoe_overflow_catwalk, serial_shops, shop,
          serial_forest, infiniplex_forest_lined_ring,
          infiniplex_forest_clump_double, infiniplex_forest_clump_diagonal,
          infiniplex_forest_split, infiniplex_forest_clump_long,
          infiniplex_forest_end_2, uniq_sigmund, uniq_grinder
D:5:      layout_cave_pools, gup_sewer_entry_bowl, uniq_edmund
D:6:      layout_loops_ring, lemuel_crystal_altar, serial_shops, shop,
          uniq_prince_ribbit1

Skill      XL: |  1  2 |
---------------+-------+-----
Dodging        | 2 |  2.0
Spellcasting   | 1 |  1.1
Fighting       | |  3.4
Maces & Flails | |  2.2
Stealth        | |  6.1

Action                     || total
---------------------------++-------
  Melee: Mace              ||    13
         Punch             ||     1
 Armour: Leather armour    ||     9
  Dodge: Dodged            ||     7

Table legend: (Time is in decaauts)
 A = Elapsed time spent in this place.
 B = Non-inter-level travel time spent in this place.
 C = Inter-level travel time spent in this place.
 D = Time resting spent in this place.
 E = Time spent auto-exploring this place.
 F = Levels seen in this place.
 G = Mean time per level.
                   A        B        C        D        E       F      G
               +--------+--------+--------+--------+--------+-----+--------+
         Total |    495 |    495 |      0 |     40 |     38 |   5 |   99.0 |
       Dungeon |    495 |    495 |      0 |     40 |     38 |   5 |   99.0 |
               +--------+--------+--------+--------+--------+-----+--------+

Top non-repeatable levels by time:
     D:4: 199 daAuts
     D:5: 123 daAuts
     D:6: 87 daAuts
     D:3: 70 daAuts
     D:2: 15 daAuts
